 Seeded DCSS version 0.29-a0-1016-g236c7fd91e (webtiles) character file.

Game seed: 17524935898822737591 (custom seed)

1039 flotson the Trooper (level 8, -5/65 HPs)
             Began as a Demonspawn Delver on Aug 10, 2022.
             Slain by a yak (22 damage)
             ... on level 5 of the Dungeon.
             The game lasted 00:07:54 (4677 turns).

flotson the Trooper (Demonspawn Delver)             Turns: 4677, Time: 00:07:55

Health: -5/65      AC: 17    Str: 15    XL:     8   Next: 4%
Magic:  8/8        EV: 11    Int: 18    God:
Gold:   189        SH:  0    Dex: 16    Spells: 7/7 levels left

rFire   + . .      SeeInvis .   i - +6 quarterstaff of the Sun {protect, Contam rF+ rC+ Dex+2}
rCold   + . .      Faith    .   (shield currently unavailable)
rNeg    . . .      Spirit   .   t - +0 scale mail
rPois   .          Reflect  .   x - +0 helmet
rElec   .          Harm     .   C - scarf {+Inv}
rCorr   .          Rampage  .   (no gloves)
Will    .....                   (no boots)
Stlth   +.........              (no amulet)
HPRegen 0.20/turn               v - +6 ring of intelligence
MPRegen 0.11/turn               (no ring)

@: under a protective aura, studying Shields
A: rugged brown scales 2, foul stench 1, powered by death 1
a: Evoke Invisibility


You were on level 5 of the Dungeon.
You visited 1 branch of the dungeon, and saw 5 of its levels.

You collected 319 gold pieces.
You spent 130 gold pieces at shops.

Inventory:

Hand Weapons
 a - a +0 hand axe
 i - the +6 quarterstaff of the Sun (weapon) {protect, Contam rF+ rC+ Dex+2}
   (You found it on level 4 of the Dungeon)

   It grants its wielder temporary protection when it strikes (+7 to AC).
   Dex:       It affects your dexterity (+2).
   rF:        It protects you from fire.
   rC:        It protects you from cold.
   Contam:    It causes magical contamination when unequipped.
Missiles
 o - 4 datura-tipped darts (quivered)
 w - 2 poisoned darts
 z - a curare-tipped dart
Armour
 b - a +0 leather armour
 n - a +0 cloak
 t - a +0 scale mail (worn)
 x - a +0 helmet (worn)
 C - a scarf of invisibility (worn)
Jewellery
 v - a +6 ring of intelligence (left hand)
Wands
 g - a wand of digging (3)
 l - a wand of flame (38)
Scrolls
 c - a scroll of fog
 d - 2 scrolls of magic mapping
 k - 2 scrolls of amnesia {unknown}
 m - 3 scrolls of identify
 p - a scroll of summoning {unknown}
 q - 4 scrolls of teleportation
 r - a scroll of enchant armour {unknown}
 y - 2 scrolls of vulnerability {unknown}
 D - a scroll of immolation {unknown}
Potions
 f - 3 potions of haste
 h - a potion of cancellation
 j - 3 potions of mutation
 s - a potion of berserk rage
 u - 2 potions of might
 A - a potion of flight {unknown}
 B - 2 potions of magic {unknown}


   Skills:
 + Level 5.2 Fighting
 - Level 1.7 Axes
 + Level 3.2 Throwing
 + Level 3.6 Armour
 + Level 4.1 Dodging
 - Level 4.5 Stealth
 + Level 4.0 Evocations


You had 7 spell levels left.
You didn't know any spells.
Your spell library contained the following spells:

 Spells                   Type           Power      Damage    Failure   Level
 Apportation              Tloc           0%         N/A       63%         1
 Magic Dart               Conj           0%         1d3       63%         1
 Searing Ray              Conj           0%         2d4       77%         2
 Inner Flame              Hex/Fire       0%         N/A       94%         3
 Cause Fear               Hex            0%         N/A       100%        4
 Fulminant Prism          Conj/Hex       0%         3d6       100%        4
 Alistair's Intoxication  Tmut/Pois      0%         N/A       100%        5
 Discord                  Hex            0%         N/A       100%        8


Dungeon Overview and Level Annotations

Branches:
Dungeon (5/15)
 Temple: D:4-7

Altars:
Cheibriados
Hepliaklqana
Yredelemnul

Shops:
D:3 *


Innate Abilities, Weirdness & Mutations

You are mostly covered in rugged brown scales. (AC +2, +5% HP)
You may rarely emit foul miasma when damaged in melee.
You regenerate a little health from kills.


Message History

The yak gores the yak but does no damage.
The yak gores you but does no damage.
You hit the yak but do no damage.
Your weapon exudes an aura of protection.
The yak is heavily wounded.
The yak gores the yak!
The yak closely misses you.
The yak gores the yak!
You barely miss the yak.
The yak is almost dead.
The yak barely misses the yak.
The yak gores you but does no damage.
The yak completely misses the yak.
You hit the yak.
You kill the yak!
The yak bellows!
The yak misses you.
Your Evocations skill increases to level 4!
You have reached level 8!
You feel stronger.
You thump the yak!
The yak is moderately wounded.
The yak barely misses you. x2
You sock the yak!
The yak is moderately wounded.
The yak gores you! The yak gores you but does no damage.
You barely miss the yak.
The yak is moderately wounded.
The yak gores you! The yak gores you but does no damage.
You hit the yak.
The yak is heavily wounded.
The yak gores you. x2
You barely miss the yak.
The yak is heavily wounded.
The yak gores you! The yak misses you.
You sock the yak!
The yak is almost dead.
The yak barely misses you. The yak gores you!
* * * LOW HITPOINT WARNING * * *
You barely miss the yak.
The yak is almost dead.
The yak gores you!!
You die...

#......###+####.....#.......##..
#......##.....#.....#.......####
#.............#.....#........#..
#.............#.....####'#####..
#.............#.....#.......##..
#......##.....#.....#l......##..
#......##.....#.....#.......##..
#......##..Y..#.....'...........
#.............#@....#...........
#.............Y.....#.......##..
#..........?..#.....#.......##..
..........(#.....#...........
...........#.....#..<........
...........#.....#......5##..
##+####...#.....#.......####
#####.....#.......#
.....#........#


You could see a neutral yak (fast, strong, insane).

Vanquished Creatures
  2 yaks (D:5)
  An ice beast (D:5)
  An ogre (D:5)
  A kobold brigand (D:4)
  2 necrophages (D:5)
  A scorpion (D:5)
  A hound (D:5)
  2 orc priests
  Ijyb (D:4)
  An orc wizard (D:5)
  3 gnolls (D:2)
  6 adders
  A white imp (D:5)
  2 ufetubi (D:5)
  A worm (D:2)
  3 dart slugs
  9 orcs
  4 endoplasms
  3 giant cockroaches
  7 goblins
  10 hobgoblins
  4 jackals (D:4)
  4 quokkas
  5 ball pythons
  7 bats
  A frilled lizard (D:3)
  2 kobolds (D:2)
  5 rats
90 creatures vanquished.

Vanquished Creatures (others)
  4 fungi (D:2)
  6 plants (D:3)
10 creatures vanquished.

Grand Total: 100 creatures vanquished

Notes
Turn   | Place    | Note
-------+----------+-------------------------------------------
     0 | D:5      | flotson the Demonspawn Delver began the quest for the Orb.
     0 | D:5      | Reached XP level 1. HP: 18/18 MP: 1/1
    61 | D:4      | Identified the +6 quarterstaff of the Sun {protect, Contam
                  | rF+ rC+ Dex+2}
   104 | D:3      | Noticed an orc priest
   135 | D:3      | Gained mutation: You are partially covered in rugged brown
                  | scales. (AC +1, +3% HP) [demonic ancestry]
   135 | D:3      | Reached XP level 2. HP: 14/24 MP: 2/2
   307 | D:3      | Found Isoaluth's General Store.
   473 | D:3      | Reached skill level 1 in Evocations
   530 | D:3      | Reached skill level 1 in Armour
   590 | D:3      | Gained mutation: You may rarely emit foul miasma when
                  | damaged in melee. [demonic ancestry]
   590 | D:3      | Reached XP level 3. HP: 24/29 MP: 3/3
  1247 | D:1      | Gained mutation: You are mostly covered in rugged brown
                  | scales. (AC +2, +5% HP) [demonic ancestry]
  1247 | D:1      | Reached XP level 4. HP: 29/36 MP: 4/4
  2154 | D:2      | Found a faded altar of an unknown god.
  2290 | D:3      | Found a snail-covered altar of Cheibriados.
  2297 | D:3      | Reached skill level 1 in Throwing
  2390 | D:3      | Found a faded altar of an unknown god.
  2399 | D:3      | Reached XP level 5. HP: 24/44 MP: 5/5
  2558 | D:3      | Found a hazy altar of Hepliaklqana.
  2558 | D:3      | Found a faded altar of an unknown god.
  2595 | D:3      | Bought a potion of curing for 39 gold pieces
  2595 | D:3      | Bought a scroll of identify for 26 gold pieces
  2595 | D:3      | Bought a scroll of identify for 26 gold pieces
  2595 | D:3      | Bought a scroll of teleportation for 39 gold pieces
  2826 | D:4      | Noticed Ijyb
  2834 | D:4      | Killed Ijyb
  2884 | D:4      | Reached skill level 4 in Fighting
  2884 | D:4      | Gained mutation: You regenerate a little health from kills.
                  | [demonic ancestry]
  2884 | D:4      | Reached XP level 6. HP: 21/50 MP: 6/6
  3106 | D:4      | Found a basalt altar of Yredelemnul.
  4052 | D:5      | Noticed an ice beast
  4061 | D:5      | Reached XP level 7. HP: 53/57 MP: 7/7
  4277 | D:5      | Noticed a yak
  4278 | D:5      | Noticed a yak
  4278 | D:5      | Noticed a yak
  4296 | D:5      | Killed a yak
  4297 | D:5      | Reached skill level 5 in Fighting
  4325 | D:5      | HP: 1/58 [iguana (7)]
  4670 | D:5      | Killed a yak
  4671 | D:5      | Reached XP level 8. HP: 65/65 MP: 8/8
  4677 | D:5      | Slain by a yak

Illustrated notes

Levels and vault maps discovered:
D:1:      minmay_arrival_plants_in_alcoves, layout_rooms
D:2:      layout_basic, shapermc_ecumenical_altar_hornbeckon,
          hangedman_decor_growths, minivault_4
D:3:      minmay_chambers_of_twos, layout_basic, mainiacjoe_overflow_alcove_1,
          nicolae_hepliaklqana_ecumenical_no_more, serial_shops,
          nicolae_shop_window_shopping
D:4:      layout_rooms, mainiacjoe_overflow_24_doors,
          nicolae_ossuary_entry_plus, uniq_ijyb
D:5:      wander_river, layout_gridville

Skill      XL: |  1  2  3  4  5  6  7 |
---------------+----------------------+-----
Dodging        | 2 3 4 |  4.1
Evocations     | 1 2 3 4 |  4.0
Armour         | 1 2 3 |  3.6
Throwing       | 1 2 3 |  3.2
Fighting       | 4 5 |  5.2
Axes           | |  1.7
Stealth        | |  4.5

Action                   |  1- 3 |  4- 6 |  7- 9 || total
-------------------------+-------+-------+-------++-------
Melee: Hand axe          |    10 |       |       ||    10
       Quarterstaff      |    89 |   110 |    47 ||   246
Throw: Dart              |       |       |     1 ||     1
  Use: Scroll            |       |     5 |     1 ||     6
       Potion            |       |     1 |       ||     1
 Stab: Sleeping          |     8 |     2 |       ||    10
Armor: Leather armour    |    48 |       |       ||    48
       Scale mail        |     1 |    69 |    36 ||   106
Dodge: Dodged            |    94 |    68 |    33 ||   195

Table legend: (Time is in decaauts)
 A = Elapsed time spent in this place.
 B = Non-inter-level travel time spent in this place.
 C = Inter-level travel time spent in this place.
 D = Time resting spent in this place.
 E = Time spent auto-exploring this place.
 F = Levels seen in this place.
 G = Mean time per level.
                   A        B        C        D        E       F      G
               +--------+--------+--------+--------+--------+-----+--------+
         Total |   4780 |   4681 |     99 |    400 |   3437 |   5 |  956.0 |
       Dungeon |   4780 |   4681 |     99 |    400 |   3437 |   5 |  956.0 |
               +--------+--------+--------+--------+--------+-----+--------+

Top non-repeatable levels by time:
     D:3: 1176 daAuts
     D:4: 1059 daAuts
     D:5: 924 daAuts
     D:2: 869 daAuts
     D:1: 751 daAuts
